[ AOE2 MATCH · #470520400 ]
Team RMSpanish vs Teutons
[ REPLAY ANALYSIS · EXTRACTED FROM THE RECORDED GAME ]
Feudal
14:07
Castle
20:34
Imperial
37:51
| APM avg | 22.1 |
| APM peak | 52 |
| eAPM avg | 15.1 |
| Villagers / military | 130 / 110 |
Focus
⚔️ 26.0% · 🌾 74.0%
Skirmisher ×49 · Spearman ×40 · Fishing Ship ×8 · Conquistador ×6 · Knight ×6 · Mangonel ×4
Feudal
10:07
Castle
19:57
Imperial
36:45
| APM avg | 31.6 |
| APM peak | 119 |
| eAPM avg | 11.5 |
| Villagers / military | 89 / 33 |
Focus
⚔️ 23.5% · 🌾 76.5%
Knight ×25 · Skirmisher ×8
Feudal
10:53
Castle
17:55
Imperial
—
| APM avg | 23.9 |
| APM peak | 46 |
| eAPM avg | 8.2 |
| Villagers / military | 50 / 48 |
Focus
⚔️ 25.0% · 🌾 75.0%
Archer ×44 · Battering Ram ×2 · Mangonel ×2
Feudal
13:17
Castle
20:32
Imperial
37:45
| APM avg | 29.3 |
| APM peak | 77 |
| eAPM avg | 16.3 |
| Villagers / military | 104 / 62 |
Focus
⚔️ 29.2% · 🌾 70.8%
Cavalry Archer ×34 · Scout Cavalry ×12 · Battle Elephant ×7 · Spearman ×6 · Fishing Ship ×5 · Galley ×2
Match map
Resources at game start + every placement click. Thick line = wall · dashed box = detected house wall. 🟡 gold · ⚪ stone · 🟢 berries · 🔶 boar · ⭕ relic
Your base· ✓ Closed at 20:34 · 20t walls
PapaLeaoX's base· ✓ Closed at 19:57 · 23t walls
Gileno's base· Open — unwalled flank
Bart Harley Jarvis's base· ✓ Closed at 20:32 · 19t walls · 1 gate(s)
Elevation-shaded terrain · ⚠ = detected wall gap · hover for details
Inputs per minute
— lovestosplooge - - PapaLeaoX
Build order — lovestosplooge
First 150 of 364 actions detected
| 0:02 | Create | Villager (Male) |
| 0:02 | Create | Villager (Male) |
| 0:02 | Create | Villager (Male) |
| 0:04 | Research | Loom |
| 0:04 | Create | Villager (Male) |
| 0:05 | Create | Villager (Male) |
| 0:07 | Build | House |
| 0:10 | Build | House |
| 0:50 | Create | Villager (Male) |
| 1:32 | Build | Dock |
| 1:42 | Create | Villager (Male) |
| 2:28 | Create | Villager (Male) |
| 2:28 | Create | Villager (Male) |
| 2:56 | Create | Villager (Male) |
| 3:01 | Create | Villager (Male) |
| 3:01 | Create | Villager (Male) |
| 3:43 | Build | Palisade Gate |
| 3:52 | Build | Palisade Wall |
| 3:55 | Create | Villager (Male) |
| 4:33 | Build | Palisade Wall |
| 4:36 | Create | Villager (Male) |
| 4:36 | Create | Villager (Male) |
| 4:49 | Build | House |
| 4:52 | Create | Villager (Male) |
| 4:53 | Create | Villager (Male) |
| 5:12 | Create | Fishing Ship |
| 5:43 | Create | Villager (Male) |
| 5:43 | Create | Villager (Male) |
| 5:55 | Create | Villager (Male) |
| 6:17 | Build | House |
| 6:21 | Build | Mill |
| 6:23 | Create | Villager (Male) |
| 6:23 | Create | Villager (Male) |
| 6:23 | Create | Villager (Male) |
| 6:31 | Create | Villager (Male) |
| 6:31 | Create | Villager (Male) |
| 7:07 | Create | Fishing Ship |
| 7:29 | Create | Villager (Male) |
| 7:31 | Create | Villager (Male) |
| 7:48 | Build | Lumber Camp |
| 8:00 | Create | Villager (Male) |
| 8:00 | Create | Villager (Male) |
| 8:19 | Create | Villager (Male) |
| 8:26 | Build | House |
| 8:59 | Create | Villager (Male) |
| 8:59 | Create | Villager (Male) |
| 9:42 | Build | Mining Camp |
| 10:42 | Create | Villager (Male) |
| 10:42 | Create | Villager (Male) |
| 10:47 | Create | Fishing Ship |
| 10:47 | Create | Fishing Ship |
| 11:10 | Build | House |
| 11:17 | Build | House |
| 11:51 | Research | Feudal Age |
| 12:11 | Build | Barracks |
| 12:20 | Create | Villager (Male) |
| 13:13 | Create | Fishing Ship |
| 13:13 | Create | Fishing Ship |
| 13:57 | Build | Dock |
| 14:01 | Create | Villager (Male) |
| 14:07 | Age | Feudal Age |
| 14:10 | Research | Wheelbarrow |
| 14:10 | Create | Villager (Male) |
| 14:45 | Build | Market |
| 14:51 | Research | Double-Bit Axe |
| 15:08 | Create | Fishing Ship |
| 15:08 | Create | Fishing Ship |
| 15:21 | Create | Villager (Male) |
| 15:21 | Create | Villager (Male) |
| 15:52 | Create | Fire Galley |
| 16:16 | Create | Villager (Male) |
| 16:18 | Create | Villager (Male) |
| 16:34 | Build | Stable |
| 16:47 | Build | House |
| 16:57 | Research | Tech 906 |
| 17:13 | Build | Farm |
| 17:13 | Build | Farm |
| 17:13 | Build | Farm |
| 17:13 | Build | Farm |
| 17:14 | Build | Farm |
| 17:30 | Build | Blacksmith |
| 17:42 | Research | Castle Age |
| 17:48 | Build | Farm |
| 17:54 | Research | Horse Collar |
| 18:02 | Build | House |
| 18:04 | Build | House |
| 18:19 | Build | Building 487 |
| 18:24 | Build | Stone Wall |
| 18:27 | Build | Stone Wall |
| 18:30 | Build | Stone Wall |
| 18:40 | Research | Gold Mining |
| 19:29 | Research | Stone Mining |
| 20:14 | Research | Padded Archer Armor |
| 20:30 | Build | Archery Range |
| 20:34 | Age | Castle Age |
| 20:39 | Create | Villager (Male) |
| 20:39 | Create | Villager (Male) |
| 20:40 | Create | Villager (Male) |
| 20:56 | Research | Hand Cart |
| 21:02 | Build | Town Center |
| 21:26 | Create | Skirmisher |
| 21:26 | Create | Skirmisher |
| 21:31 | Create | Villager (Male) |
| 21:31 | Create | Villager (Male) |
| 21:31 | Create | Villager (Male) |
| 21:41 | Research | Stone Shaft Mining |
| 21:53 | Create | Villager (Male) |
| 21:53 | Create | Villager (Male) |
| 21:53 | Create | Villager (Male) |
| 21:53 | Create | Villager (Male) |
| 22:15 | Build | Stone Wall |
| 22:24 | Build | Stone Wall |
| 22:26 | Build | Stone Wall |
| 22:32 | Create | Skirmisher |
| 22:32 | Create | Skirmisher |
| 22:33 | Create | Skirmisher |
| 22:46 | Build | Stone Wall |
| 22:54 | Create | Villager (Male) |
| 22:54 | Create | Villager (Male) |
| 23:01 | Research | Leather Archer Armor |
| 23:03 | Create | Villager (Male) |
| 23:03 | Create | Villager (Male) |
| 23:15 | Research | Elite Skirmisher (upgrade) |
| 23:19 | Create | Villager (Male) |
| 23:19 | Create | Villager (Male) |
| 23:19 | Create | Villager (Male) |
| 23:20 | Create | Villager (Male) |
| 23:29 | Build | Siege Workshop |
| 23:44 | Build | Monastery |
| 24:03 | Create | Skirmisher |
| 24:04 | Create | Skirmisher |
| 24:11 | Create | Villager (Male) |
| 24:11 | Create | Villager (Male) |
| 24:22 | Create | Villager (Male) |
| 24:22 | Create | Villager (Male) |
| 24:31 | Create | Mangonel |
| 24:39 | Build | Castle |
| 24:48 | Create | Villager (Male) |
| 24:48 | Create | Villager (Male) |
| 24:54 | Build | House |
| 24:55 | Build | House |
| 24:57 | Build | House |
| 25:12 | Build | University |
| 25:15 | Create | Villager (Male) |
| 25:16 | Create | Villager (Male) |
| 25:23 | Research | Fletching |
| 25:23 | Research | Fletching |
| 25:27 | Create | Skirmisher |
| 25:27 | Create | Skirmisher |
| 25:40 | Create | Mangonel |
Build order — PapaLeaoX
First 150 of 224 actions detected
| 0:02 | Build | House |
| 0:03 | Build | House |
| 0:03 | Create | Villager (Male) |
| 0:04 | Create | Villager (Male) |
| 0:04 | Create | Villager (Male) |
| 0:04 | Create | Villager (Male) |
| 0:04 | Create | Villager (Male) |
| 1:40 | Create | Villager (Male) |
| 2:13 | Build | Lumber Camp |
| 2:16 | Create | Villager (Male) |
| 2:16 | Create | Villager (Male) |
| 2:16 | Create | Villager (Male) |
| 2:48 | Create | Villager (Male) |
| 2:48 | Create | Villager (Male) |
| 3:11 | Build | House |
| 3:11 | Build | House |
| 3:22 | Create | Villager (Male) |
| 3:23 | Create | Villager (Male) |
| 3:23 | Create | Villager (Male) |
| 3:49 | Create | Villager (Male) |
| 4:13 | Build | House |
| 4:15 | Build | House |
| 4:43 | Create | Villager (Male) |
| 4:43 | Create | Villager (Male) |
| 5:05 | Create | Villager (Male) |
| 5:06 | Create | Villager (Male) |
| 5:06 | Create | Villager (Male) |
| 5:06 | Create | Villager (Male) |
| 5:09 | Research | Loom |
| 5:30 | Create | Villager (Male) |
| 6:08 | Build | Mill |
| 7:03 | Create | Villager (Male) |
| 7:57 | Research | Feudal Age |
| 8:30 | Build | Lumber Camp |
| 9:06 | Build | Dock |
| 9:27 | Build | Palisade Wall |
| 9:31 | Build | Palisade Wall |
| 9:39 | Build | Building 796 |
| 10:07 | Age | Feudal Age |
| 10:48 | Build | Palisade Wall |
| 11:00 | Build | Palisade Wall |
| 11:14 | Create | Villager (Male) |
| 11:14 | Create | Villager (Male) |
| 11:14 | Create | Villager (Male) |
| 11:16 | Research | Horse Collar |
| 11:18 | Research | Double-Bit Axe |
| 12:09 | Build | Mining Camp |
| 12:12 | Create | Villager (Male) |
| 12:12 | Create | Villager (Male) |
| 12:30 | Build | Barracks |
| 12:35 | Build | Blacksmith |
| 13:10 | Build | Farm |
| 13:11 | Build | Farm |
| 13:11 | Build | Farm |
| 13:20 | Create | Villager (Male) |
| 13:21 | Create | Villager (Male) |
| 13:22 | Build | Farm |
| 13:23 | Build | Farm |
| 13:24 | Build | Farm |
| 13:26 | Build | Farm |
| 13:37 | Build | Market |
| 14:00 | Build | Farm |
| 14:04 | Create | Villager (Male) |
| 14:16 | Build | Farm |
| 14:22 | Build | Lumber Camp |
| 14:29 | Create | Villager (Male) |
| 14:30 | Research | Gold Mining |
| 14:51 | Build | House |
| 14:52 | Build | House |
| 14:53 | Build | House |
| 14:55 | Build | House |
| 15:04 | Create | Villager (Male) |
| 15:04 | Create | Villager (Male) |
| 15:33 | Build | House |
| 15:39 | Build | Farm |
| 15:41 | Build | Farm |
| 15:42 | Build | Farm |
| 15:51 | Create | Villager (Male) |
| 15:58 | Build | Farm |
| 16:15 | Create | Villager (Male) |
| 16:23 | Build | Farm |
| 17:00 | Build | Palisade Wall |
| 17:03 | Build | Palisade Wall |
| 17:17 | Research | Castle Age |
| 17:18 | Research | Castle Age |
| 17:25 | Build | Farm |
| 18:03 | Build | Mining Camp |
| 18:10 | Research | Stone Mining |
| 18:35 | Build | Barracks |
| 18:37 | Build | House |
| 18:50 | Research | Forging |
| 18:50 | Research | Scale Barding Armor |
| 19:57 | Age | Castle Age |
| 20:13 | Build | Town Center |
| 20:17 | Build | Town Center |
| 20:19 | Create | Villager (Male) |
| 20:19 | Create | Villager (Male) |
| 20:19 | Create | Villager (Male) |
| 20:39 | Build | Stable |
| 20:53 | Research | Iron Casting |
| 21:11 | Research | Wheelbarrow |
| 21:22 | Create | Villager (Male) |
| 21:23 | Create | Villager (Male) |
| 21:23 | Create | Villager (Male) |
| 21:40 | Build | Stable |
| 21:48 | Create | Knight |
| 21:48 | Create | Knight |
| 21:48 | Create | Knight |
| 22:15 | Create | Villager (Male) |
| 22:15 | Create | Villager (Male) |
| 22:15 | Create | Villager (Male) |
| 22:20 | Build | Farm |
| 22:25 | Build | Farm |
| 22:26 | Build | Farm |
| 22:28 | Build | Farm |
| 22:30 | Build | Farm |
| 22:30 | Build | Farm |
| 22:32 | Build | Farm |
| 22:42 | Create | Knight |
| 22:42 | Create | Knight |
| 23:35 | Create | Knight |
| 23:35 | Create | Knight |
| 23:35 | Create | Knight |
| 23:38 | Create | Villager (Male) |
| 23:57 | Build | Archery Range |
| 24:00 | Create | Villager (Male) |
| 24:01 | Create | Villager (Male) |
| 24:02 | Create | Villager (Male) |
| 24:02 | Create | Villager (Male) |
| 24:39 | Build | Mining Camp |
| 24:44 | Create | Villager (Male) |
| 24:44 | Create | Villager (Male) |
| 24:44 | Create | Villager (Male) |
| 24:46 | Create | Villager (Male) |
| 24:46 | Create | Villager (Male) |
| 24:51 | Create | Knight |
| 25:18 | Research | Elite Skirmisher (upgrade) |
| 25:20 | Research | Fletching |
| 25:20 | Research | Padded Archer Armor |
| 25:37 | Build | House |
| 25:38 | Build | House |
| 25:39 | Build | House |
| 26:08 | Create | Villager (Male) |
| 26:08 | Create | Villager (Male) |
| 26:08 | Create | Villager (Male) |
| 26:09 | Create | Villager (Male) |
| 26:40 | Build | Castle |
| 26:50 | Create | Skirmisher |
| 26:51 | Create | Skirmisher |
| 26:51 | Create | Skirmisher |
Build order — Gileno
132 actions detected in the replay
| 0:02 | Create | Villager (Male) ×4 |
| 0:05 | Build | House |
| 0:06 | Build | House |
| 1:28 | Create | Villager (Male) |
| 2:10 | Build | Lumber Camp |
| 2:28 | Create | Villager (Male) |
| 2:28 | Create | Villager (Male) |
| 2:50 | Create | Villager (Male) |
| 3:04 | Create | Villager (Male) |
| 3:36 | Create | Villager (Male) |
| 3:59 | Build | House |
| 4:04 | Create | Villager (Male) |
| 4:42 | Create | Villager (Male) |
| 4:59 | Create | Villager (Male) |
| 5:42 | Create | Villager (Male) |
| 6:01 | Build | Mill |
| 6:03 | Create | Villager (Male) |
| 6:10 | Build | House |
| 6:36 | Create | Villager (Male) |
| 6:55 | Create | Villager (Male) |
| 7:06 | Create | Villager (Male) |
| 7:42 | Create | Villager (Male) |
| 7:59 | Build | House |
| 8:13 | Research | Loom |
| 8:14 | Research | Feudal Age |
| 8:25 | Build | Mining Camp |
| 8:52 | Build | Palisade Gate |
| 9:03 | Build | Barracks |
| 9:14 | Build | Palisade Wall |
| 9:19 | Build | Palisade Wall |
| 10:06 | Build | Mill |
| 10:53 | Age | Feudal Age |
| 10:55 | Build | Archery Range |
| 10:58 | Create | Villager (Male) |
| 11:00 | Create | Villager (Male) |
| 11:21 | Create | Villager (Male) |
| 11:32 | Research | Double-Bit Axe |
| 12:03 | Create | Archer |
| 12:04 | Create | Archer |
| 12:19 | Create | Villager (Male) |
| 12:22 | Create | Archer |
| 12:26 | Build | House |
| 12:27 | Build | House |
| 12:34 | Create | Villager (Male) |
| 13:05 | Create | Archer |
| 13:06 | Create | Villager (Male) |
| 13:18 | Create | Archer |
| 13:27 | Build | Blacksmith |
| 13:31 | Create | Villager (Male) |
| 13:47 | Create | Archer |
| 13:58 | Create | Villager (Male) |
| 14:00 | Create | Archer |
| 14:16 | Create | Archer |
| 14:23 | Create | Villager (Male) |
| 14:38 | Create | Villager (Male) |
| 15:02 | Build | House |
| 15:11 | Build | Lumber Camp |
| 15:15 | Research | Castle Age |
| 15:17 | Create | Archer |
| 15:46 | Build | Lumber Camp |
| 15:55 | Research | Fletching |
| 16:01 | Build | Farm |
| 16:09 | Research | Horse Collar |
| 16:13 | Create | Archer |
| 16:35 | Build | Farm |
| 16:36 | Build | Farm |
| 16:37 | Build | Farm |
| 16:38 | Build | Farm |
| 16:40 | Build | Farm |
| 16:55 | Build | House |
| 16:56 | Build | House |
| 17:10 | Create | Archer |
| 17:18 | Build | Archery Range |
| 17:26 | Build | Farm |
| 17:28 | Create | Archer |
| 17:55 | Age | Castle Age |
| 17:59 | Build | House |
| 18:17 | Research | Bow Saw |
| 18:26 | Research | Crossbowman (upgrade) |
| 18:38 | Build | Farm |
| 18:40 | Create | Villager (Male) |
| 19:06 | Create | Villager (Male) |
| 19:09 | Build | Farm |
| 20:28 | Build | Siege Workshop |
| 20:41 | Build | University |
| 20:45 | Create | Archer ×5 |
| 20:46 | Create | Archer ×5 |
| 20:49 | Research | Thumb Ring |
| 21:09 | Create | Battering Ram |
| 21:36 | Create | Villager (Male) |
| 21:38 | Create | Villager (Male) |
| 21:46 | Build | Lumber Camp |
| 21:57 | Research | Ballistics |
| 22:03 | Create | Archer |
| 22:20 | Create | Villager (Male) |
| 22:24 | Research | Gold Mining |
| 22:27 | Create | Villager (Male) |
| 23:18 | Research | Wheelbarrow |
| 23:20 | Research | Town Watch |
| 23:44 | Build | House |
| 23:46 | Build | House |
| 23:47 | Build | House |
| 24:10 | Create | Archer ×5 |
| 24:19 | Create | Battering Ram |
| 24:32 | Research | Bodkin Arrow |
| 25:31 | Create | Villager (Male) |
| 26:40 | Create | Mangonel |
| 26:41 | Create | Mangonel |
| 27:13 | Build | Farm |
| 27:40 | Research | Gold Shaft Mining |
| 28:25 | Create | Villager (Male) |
| 29:12 | Research | Hand Cart |
| 29:31 | Create | Archer ×5 |
| 30:15 | Create | Archer ×5 |
| 30:15 | Create | Archer ×5 |
| 30:38 | Create | Archer |
| 32:52 | Build | Town Center |
| 34:42 | Create | Villager (Male) |
| 34:42 | Create | Villager (Male) |
| 34:43 | Create | Villager (Male) |
| 34:43 | Create | Villager (Male) |
| 34:57 | Create | Villager (Male) ×5 |
| 35:35 | Build | Stone Wall |
| 35:47 | Create | Villager (Male) |
| 35:47 | Create | Villager (Male) |
| 35:48 | Create | Villager (Male) |
| 35:48 | Create | Villager (Male) |
| 36:04 | Research | Heavy Plow |
| 36:16 | Build | Stone Wall |
| 36:20 | Build | Stone Wall |
| 37:08 | Build | Mining Camp |
| 38:45 | Research | Padded Archer Armor |
Build order — Bart Harley Jarvis
First 150 of 348 actions detected
| 0:01 | Create | Villager (Male) |
| 0:01 | Create | Villager (Male) |
| 0:01 | Create | Villager (Male) |
| 0:03 | Build | House |
| 0:04 | Build | House |
| 0:16 | Create | Villager (Male) |
| 0:17 | Create | Villager (Male) |
| 1:50 | Create | Villager (Male) |
| 1:50 | Create | Villager (Male) |
| 1:51 | Create | Villager (Male) |
| 2:09 | Build | Lumber Camp |
| 2:12 | Create | Villager (Male) |
| 2:12 | Create | Villager (Male) |
| 2:12 | Create | Villager (Male) |
| 2:50 | Create | Villager (Male) |
| 2:50 | Create | Villager (Male) |
| 3:14 | Create | Villager (Male) |
| 3:14 | Create | Villager (Male) |
| 3:39 | Create | Villager (Male) |
| 3:39 | Create | Villager (Male) |
| 3:43 | Build | House |
| 3:45 | Build | House |
| 4:27 | Build | Mining Camp |
| 4:29 | Create | Villager (Male) |
| 4:30 | Create | Villager (Male) |
| 4:30 | Create | Villager (Male) |
| 4:55 | Build | House |
| 5:04 | Build | Palisade Wall |
| 5:19 | Create | Villager (Male) |
| 5:29 | Create | Villager (Male) |
| 5:29 | Create | Villager (Male) |
| 5:54 | Build | Palisade Gate |
| 5:58 | Build | Palisade Wall |
| 5:59 | Build | Palisade Wall |
| 7:09 | Create | Villager (Male) |
| 7:31 | Build | Building 800 |
| 7:35 | Build | Palisade Wall |
| 7:38 | Build | Dock |
| 7:42 | Create | Villager (Male) |
| 7:42 | Create | Villager (Male) |
| 8:17 | Build | Mill |
| 8:17 | Create | Fishing Ship |
| 8:28 | Create | Villager (Male) |
| 9:04 | Create | Fishing Ship |
| 9:05 | Create | Villager (Male) |
| 9:30 | Create | Villager (Male) |
| 9:54 | Build | Palisade Gate |
| 9:56 | Build | Palisade Wall |
| 10:02 | Create | Villager (Male) |
| 10:02 | Create | Villager (Male) |
| 10:11 | Build | Lumber Camp |
| 10:52 | Create | Fishing Ship |
| 10:52 | Create | Fishing Ship |
| 11:07 | Research | Feudal Age |
| 11:19 | Create | Villager (Male) |
| 11:32 | Build | House |
| 11:35 | Build | House |
| 12:00 | Build | Dock |
| 12:12 | Create | Villager (Male) |
| 12:21 | Create | Fishing Ship |
| 12:29 | Build | Palisade Wall |
| 12:33 | Build | Palisade Wall |
| 12:41 | Build | Palisade Wall |
| 12:45 | Build | Palisade Wall |
| 12:55 | Build | House |
| 12:58 | Create | Villager (Male) |
| 13:17 | Age | Feudal Age |
| 13:27 | Create | Galley |
| 13:27 | Create | Galley |
| 13:31 | Create | Villager (Male) |
| 13:34 | Research | Double-Bit Axe |
| 13:35 | Research | Horse Collar |
| 13:37 | Research | Gold Mining |
| 13:39 | Build | Farm |
| 13:40 | Build | Farm |
| 13:40 | Build | Farm |
| 13:40 | Build | Farm |
| 13:51 | Build | Farm |
| 13:53 | Build | Farm |
| 13:56 | Create | Villager (Male) |
| 14:07 | Build | House |
| 14:12 | Create | Villager (Male) |
| 14:34 | Create | Villager (Male) |
| 14:34 | Create | Villager (Male) |
| 15:03 | Build | House |
| 15:09 | Build | House |
| 15:18 | Create | Villager (Male) |
| 15:38 | Build | Blacksmith |
| 15:42 | Build | Farm |
| 15:44 | Build | Farm |
| 15:47 | Create | Villager (Male) |
| 15:53 | Build | Mill |
| 15:58 | Create | Villager (Male) |
| 16:09 | Research | Fletching |
| 16:15 | Build | Market |
| 16:30 | Build | Farm |
| 16:32 | Create | Villager (Male) |
| 16:32 | Create | Villager (Male) |
| 17:01 | Build | House |
| 17:21 | Build | Palisade Wall |
| 17:25 | Create | Villager (Male) |
| 17:48 | Research | Castle Age |
| 17:50 | Create | Villager (Male) |
| 18:02 | Build | Barracks |
| 18:09 | Create | Villager (Male) |
| 18:18 | Build | Mining Camp |
| 18:34 | Build | Building 490 |
| 18:40 | Build | Stone Wall |
| 18:41 | Build | Stone Wall |
| 18:42 | Build | Stone Wall |
| 18:55 | Build | Archery Range |
| 18:57 | Build | Archery Range |
| 19:02 | Create | Villager (Male) |
| 19:04 | Research | Padded Archer Armor |
| 19:46 | Build | House |
| 19:48 | Build | Palisade Wall |
| 19:50 | Build | Palisade Wall |
| 19:52 | Build | Palisade Wall |
| 20:11 | Build | Dock |
| 20:17 | Create | Villager (Male) |
| 20:20 | Research | Stone Mining |
| 20:32 | Age | Castle Age |
| 20:37 | Create | Cavalry Archer |
| 20:38 | Create | Cavalry Archer |
| 20:41 | Create | Villager (Male) |
| 20:41 | Create | Villager (Male) |
| 20:42 | Create | Villager (Male) |
| 20:48 | Research | Bodkin Arrow |
| 20:51 | Research | Leather Archer Armor |
| 20:53 | Build | University |
| 20:55 | Create | Villager (Male) |
| 20:56 | Create | Villager (Male) |
| 21:37 | Create | Cavalry Archer |
| 21:37 | Create | Cavalry Archer |
| 21:40 | Create | Villager (Male) |
| 21:41 | Create | Villager (Male) |
| 21:43 | Research | Bow Saw |
| 21:55 | Build | Lumber Camp |
| 22:21 | Create | Cavalry Archer |
| 22:22 | Create | Cavalry Archer |
| 22:25 | Create | Villager (Male) |
| 22:25 | Create | Villager (Male) |
| 22:30 | Build | Lumber Camp |
| 22:40 | Create | Cavalry Archer |
| 22:40 | Create | Cavalry Archer |
| 23:16 | Build | Stone Wall |
| 23:21 | Create | Villager (Male) |
| 23:21 | Create | Villager (Male) |
| 23:23 | Research | Thumb Ring |
| 23:24 | Create | Cavalry Archer |
Match timeline
| 1:32 | lovestosplooge · first_building Dock |
| 3:52 | lovestosplooge · wall_segment Palisade Wall x5 |
| 4:33 | lovestosplooge · wall_segment Palisade Wall x3 |
| 5:04 | Bart Harley Jarvis · wall_segment Palisade Wall x5 |
| 5:58 | Bart Harley Jarvis · wall_segment Palisade Wall x1 |
| 5:59 | Bart Harley Jarvis · wall_segment Palisade Wall x1 |
| 7:35 | Bart Harley Jarvis · wall_segment Palisade Wall x1 |
| 7:38 | Bart Harley Jarvis · first_building Dock |
| 9:03 | Gileno · first_building Barracks |
| 9:06 | PapaLeaoX · first_building Dock |
| 9:14 | Gileno · wall_segment Palisade Wall x1 |
| 9:19 | Gileno · wall_segment Palisade Wall x1 |
| 9:27 | PapaLeaoX · wall_segment Palisade Wall x7 |
| 9:31 | PapaLeaoX · wall_segment Palisade Wall x6 |
| 9:56 | Bart Harley Jarvis · wall_segment Palisade Wall x1 |
| 10:07 | PapaLeaoX · age_up feudal |
| 10:48 | PapaLeaoX · wall_segment Palisade Wall x1 |
| 10:53 | Gileno · age_up feudal |
| 10:55 | Gileno · first_building Archery Range |
| 11:00 | PapaLeaoX · wall_segment Palisade Wall x7 |
| 12:11 | lovestosplooge · first_building Barracks |
| 12:29 | Bart Harley Jarvis · wall_segment Palisade Wall x1 |
| 12:30 | PapaLeaoX · first_building Barracks |
| 12:33 | Bart Harley Jarvis · wall_segment Palisade Wall x1 |
| 12:41 | Bart Harley Jarvis · wall_segment Palisade Wall x1 |
| 12:45 | Bart Harley Jarvis · wall_segment Palisade Wall x1 |
| 13:17 | Bart Harley Jarvis · age_up feudal |
| 14:07 | lovestosplooge · age_up feudal |
| 16:34 | lovestosplooge · first_building Stable |
| 17:00 | PapaLeaoX · wall_segment Palisade Wall x4 |
| 17:03 | PapaLeaoX · wall_segment Palisade Wall x5 |
| 17:21 | Bart Harley Jarvis · wall_segment Palisade Wall x1 |
| 17:55 | Gileno · age_up castle |
| 18:02 | Bart Harley Jarvis · first_building Barracks |
| 18:24 | lovestosplooge · wall_segment Stone Wall x4 |
| 18:27 | lovestosplooge · wall_segment Stone Wall x2 |
| 18:30 | lovestosplooge · wall_segment Stone Wall x6 |
| 18:40 | Bart Harley Jarvis · wall_segment Stone Wall x1 |
| 18:41 | Bart Harley Jarvis · wall_segment Stone Wall x1 |
| 18:42 | Bart Harley Jarvis · wall_segment Stone Wall x1 |
| 18:55 | Bart Harley Jarvis · first_building Archery Range |
| 19:48 | Bart Harley Jarvis · wall_segment Palisade Wall x1 |
| 19:50 | Bart Harley Jarvis · wall_segment Palisade Wall x1 |
| 19:52 | Bart Harley Jarvis · wall_segment Palisade Wall x1 |
| 19:57 | PapaLeaoX · age_up castle |
| 20:28 | Gileno · first_building Siege Workshop |
| 20:30 | lovestosplooge · first_building Archery Range |
| 20:32 | Bart Harley Jarvis · age_up castle |
| 20:34 | lovestosplooge · age_up castle |
| 20:39 | PapaLeaoX · first_building Stable |
| 22:15 | lovestosplooge · wall_segment Stone Wall x3 |
| 22:24 | lovestosplooge · wall_segment Stone Wall x3 |
| 22:26 | lovestosplooge · wall_segment Stone Wall x6 |
| 22:46 | lovestosplooge · wall_segment Stone Wall x3 |
| 23:16 | Bart Harley Jarvis · wall_segment Stone Wall x8 |
| 23:21 | PapaLeaoX · first_market_sell 100 food |
| 23:29 | lovestosplooge · first_building Siege Workshop |
| 23:31 | Bart Harley Jarvis · first_building Stable |
| 23:44 | lovestosplooge · first_building Monastery |
| 23:57 | PapaLeaoX · first_building Archery Range |
| 24:39 | lovestosplooge · first_building Castle |
| 26:40 | PapaLeaoX · first_building Castle |
| 26:52 | Bart Harley Jarvis · wall_segment Stone Wall x2 |
| 26:54 | Bart Harley Jarvis · wall_segment Stone Wall x1 |
| 26:55 | Bart Harley Jarvis · wall_segment Stone Wall x1 |
| 28:07 | PapaLeaoX · wall_segment Palisade Wall x1 |
| 28:12 | PapaLeaoX · wall_segment Stone Wall x12 |
| 31:18 | Bart Harley Jarvis · first_building Monastery |
| 32:43 | Bart Harley Jarvis · first_building Castle |
| 34:20 | PapaLeaoX · wall_segment Stone Wall x14 |
| 35:35 | Gileno · wall_segment Stone Wall x4 |
| 36:09 | Bart Harley Jarvis · wall_segment Stone Wall x2 |
| 36:16 | Gileno · wall_segment Stone Wall x1 |
| 36:20 | Gileno · wall_segment Stone Wall x1 |
| 36:45 | PapaLeaoX · age_up imperial |
| 37:45 | Bart Harley Jarvis · age_up imperial |
| 37:51 | lovestosplooge · age_up imperial |
| 37:53 | Bart Harley Jarvis · first_market_buy 100 food |
| 40:06 | PapaLeaoX · resign |
[ AI ANALYSIS · 1 CREDIT ]
What really happened in this match?
Wolo.gg analyzes every decision: build order, eco, micro, common mistakes by bracket. Personalized analysis on WhatsApp or Discord in 30 seconds.
Civ guide
Spanish
Map guide
Highland
Perfil
lovestosplooge